Map: Persephone LE

Players

bug

  • Race: Zerg Zerg
  • League: Diamond
  • Spawn Location: 7:00

KimChiLoVer - Winner!

  • Race: Terran Terran
  • League: Diamond
  • Spawn Location: 11:00

VOD

Have the link to the VOD?

Description

Time

  • Played on: Aug. 16, 2025, 11:34 p.m.
  • Length: 17:21
Show
View Real Time Build Order
Export as new Build Order

bug Zerg 

Build Orders: Pool First 

Get SALT Encoding   

  12  0:01  Drone  
  13  0:13  Overlord  
  13  0:19  Drone  
  14  0:34  Spawning Pool  
  13  0:37  Drone  
  13  0:41  Drone  
  15  0:45  Drone  
  15  0:49  Drone  
  17  1:10  Hatchery  
  16  1:21  Zergling x6  
  19  1:29  Queen  
  21  1:33  Extractor  
  21  1:34  Drone  
  21  1:43  Overlord  
  21  1:57  Drone  
  22  2:04  Drone  
  22  2:05  Queen  
  25  2:15  Drone  
  26  2:24  Drone  
  26  2:26  Drone  
  27  2:33  Drone  
  27  2:36  Drone  
  29  2:37  Drone  
  29  2:38  Drone x2  
  30  2:45  Metabolic Boost  
  30  2:47  Drone  
  31  3:00  Drone x3  
  31  3:04  Drone  
  35  3:10  Overlord  
  35  3:20  Drone  
  35  3:21  Overlord  
  35  3:24  Overlord  
  36  3:30  Zergling x4  
  36  3:31  Zergling x2  
  39  3:34  Queen x2  
  43  3:42  Drone x2  
  43  3:48  Drone, Roach Warren  
  45  3:58  Hatchery  
  45  4:02  Drone x5  
  49  4:05  Extractor  
  49  4:09  Evolution Chamber  
  47  4:12  Evolution Chamber  
  44  4:31  Lair, Baneling Nest  
  44  4:32  Drone x3  
  44  4:33  Zergling x12  
  52  4:38  Roach  
  52  4:42  Roach  
  56  4:46  Roach  
  56  4:52  Drone  
  59  5:03  Overlord  
  59  5:04  Overlord x2  
  59  5:20  Drone x6  
  65  5:24  Pneumatized Carapace  
  65  5:26  Zerg Missile Weapons Level 1  
  65  5:27  Zerg Melee Weapons Level 1  
  65  5:38  Spore Crawler  
  65  5:40  Drone x2, Spore Crawler  
  65  5:41  Drone x4  
  69  5:43  Spore Crawler  
  68  5:58  Centrifugal Hooks  
  68  6:00  Drone x2  
  68  6:02  Drone x4  
  68  6:03  Ravager  
  75  6:06  Drone x2  
  75  6:07  Extractor, Drone x2  
  75  6:10  Drone  
  75  6:11  Drone x2  
  81  6:12  Extractor  
  79  6:36  Extractor x2  
  77  6:42  Hatchery, Zergling x2  
  77  6:43  Zergling x26  
  77  6:44  Hydralisk Den  
  77  6:45  Overlord x3  
  89  6:47  Overseer  
  89  7:13  Zergling x2  
  89  7:14  Zergling x16  
  86  7:17  Baneling  
  86  7:18  Baneling x14  
  86  7:19  Baneling, Zergling x2  
  86  7:20  Zergling x2  
  85  7:25  Zergling x2  
  85  7:29  Zergling x4  
  84  7:31  Drone x5  
  84  7:33  Drone x2  
  90  7:40  Drone, Hydralisk Den  
  90  7:41  Drone x3  
  90  7:42  Baneling Nest  
  92  7:46  Drone  
  92  7:48  Queen x2  
  92  7:50  Drone  
  93  7:54  Drone  
  93  7:55  Drone  
  93  8:01  Drone  
  93  8:02  Drone x3  
  93  8:03  Drone  
  93  8:05  Hatchery  
  97  8:08  Spore Crawler  
  96  8:17  Zerg Missile Weapons Level 2  
  96  8:18  Zerg Ground Armor Level 1  
  96  8:21  Drone x4  
  96  8:22  Drone x2  
  96  8:23  Drone  
  96  8:24  Drone  
  96  8:25  Drone  
  106  8:27  Drone  
  106  8:35  Spore Crawler  
  105  8:46  Zergling x12  
  111  9:27  Drone  
  111  9:28  Drone x14  
  126  9:40  Baneling  
  126  9:41  Baneling  
  126  9:42  Baneling x24  
  125  9:48  Zergling x16  
  125  9:49  Zergling x2  
  125  9:51  Zergling x2  
  125  9:52  Zergling x10  
  122  10:00  Zergling x2  
  122  10:01  Zergling x6  
  122  10:05  Queen  
  125  10:07  Queen  
  125  10:09  Infestation Pit, Zergling x2  
  122  10:17  Zergling x14  
  122  10:20  Zergling x2  
  122  10:21  Zergling x2  
  107  10:22  Drone, Roach x2  
  107  10:25  Roach x2  
  107  10:26  Drone  
  117  10:29  Baneling x8  
  117  10:33  Overlord x3  
  117  10:41  Zergling x4  
  111  10:54  Hive, Roach  
  111  10:55  Roach x8  
  111  10:56  Hatchery  
  124  10:58  Roach x3  
  126  11:06  Roach x7  
  126  11:11  Roach  
  106  11:39  Zergling x2  
  99  11:40  Zergling x28  
  103  11:48  Zergling x8  
  103  11:53  Queen  
  109  11:56  Zergling x8  
  109  11:57  Queen x2  
  109  11:59  Zergling x4  
  109  12:00  Zergling x2  
  107  12:06  Zergling x2  
  107  12:07  Zergling x2  
  99  12:08  Zergling x2  
  99  12:10  Zergling x2  
  96  12:17  Drone  
  96  12:18  Drone x3  
  96  12:20  Queen x2  
  96  12:22  Hydralisk x4, Viper  
  102  12:24  Zergling x4  
  102  12:28  Queen  
  110  12:30  Zergling x4  
  110  12:31  Swarm Host  
  110  12:36  Drone x4  
  116  12:38  Zergling x2  
  116  12:40  Zergling x4  
  118  12:45  Drone x3  
  118  12:46  Drone  
  122  12:53  Baneling x2  
  122  12:54  Baneling x11  
  122  13:02  Evolution Chamber x2  
  122  13:03  Swarm Host x2  
  126  13:06  Drone x2  
  128  13:26  Hydralisk, Drone  
  128  13:27  Hydralisk x4, Drone  
  132  13:30  Overlord x3  
  132  13:31  Overlord  
  132  13:32  Overseer x3  
  140  13:38  Drone  
  141  13:51  Spore Crawler  
  141  13:54  Spine Crawler  
  141  13:55  Hatchery  
  138  13:56  Spine Crawler  
  137  14:12  Zergling x14  
  137  14:13  Zergling x34  
  161  14:28  Zergling x2  
  161  14:29  Zergling x16  
  161  14:30  Zergling x6  
  167  15:17  Zergling x6  
  167  15:18  Zergling x14  
  171  15:29  Zergling x10  
  176  15:38  Ultralisk Cavern  
  176  15:42  Drone, Spire  
  175  15:43  Zergling x4  
  175  15:44  Zergling x4  
  175  15:47  Zergling x2  
  139  15:50  Zergling x2  
  139  15:52  Zergling x4  
  111  16:01  Zergling x8  
  113  16:04  Baneling  
  113  16:05  Baneling x14  
  113  16:06  Baneling x7  
  113  16:08  Zergling x6  
  113  16:09  Zergling x8  
  120  16:13  Zergling x4  
  120  16:16  Queen  
  120  16:17  Zergling x2  
  110  16:29  Zergling x2  
  110  16:30  Zergling x6  
  98  16:34  Baneling  
  98  16:35  Baneling x12  
  95  16:46  Zergling x2  
  92  16:47  Zergling x24  
  92  16:51  Zergling x4  
  96  16:54  Zergling x2  
  96  16:58  Zergling x2  
  96  17:00  Zergling x4  
  77  17:02  Zergling x4  
Show
View Real Time Build Order
Export as new Build Order

KimChiLoVer Terran - Winner!

Build Orders: Reaper Expand 

Get SALT Encoding   

  12  0:01  SCV  
  13  0:13  SCV  
  14  0:18  Supply Depot  
  14  0:25  SCV  
  15  0:40  SCV  
  15  0:41  Barracks  
  16  0:45  Refinery  
  16  0:52  SCV  
  18  1:04  SCV  
  18  1:16  SCV  
  19  1:29  Orbital Command  
  19  1:37  Command Center  
  19  1:42  Reaper  
  20  1:51  Supply Depot  
  20  1:55  SCV  
  21  2:06  Factory  
  21  2:09  Refinery  
  21  2:10  SCV  
  22  2:22  SCV  
  23  2:24  Barracks Reactor  
  19  2:45  SCV  
  20  2:57  SCV  
  21  3:09  Barracks, SCV  
  21  3:11  Barracks, Supply Depot  
  21  3:12  Marine x2  
  24  3:21  Orbital Command  
  24  3:24  SCV  
  25  3:29  Factory Tech Lab  
  25  3:33  Marine  
  26  3:37  SCV  
  27  3:44  Marine  
  28  3:50  Marine  
  28  3:52  Orbital Command  
  29  4:01  Marine  
  30  4:08  SCV  
  31  4:10  Command Center  
  31  4:17  Factory Reactor  
  31  4:20  Starport  
  31  4:24  Marine x3  
  30  4:27  SCV  
  34  4:39  Stimpack  
  34  4:40  SCV  
  34  4:41  Bunker  
  35  4:52  Engineering Bay, SCV  
  36  4:53  Engineering Bay, SCV  
  36  4:55  Marine  
  38  5:05  Marine  
  39  5:07  SCV  
  39  5:12  Factory Tech Lab, Supply Depot  
  39  5:13  Marine  
  41  5:17  Supply Depot  
  41  5:20  SCV  
  42  5:26  Orbital Command  
  42  5:31  Terran Infantry Weapons Level 1  
  42  5:32  SCV  
  42  5:35  Terran Infantry Armor Level 1  
  43  5:40  SCV  
  44  5:44  SCV  
  44  5:47  Siege Tank  
  48  5:52  SCV  
  48  5:56  Marine x2, SCV  
  52  5:57  Medivac x2  
  52  6:01  Barracks  
  56  6:05  Barracks  
  56  6:11  SCV  
  57  6:13  Refinery  
  57  6:18  Supply Depot  
  57  6:23  SCV  
  57  6:25  Supply Depot, SCV  
  59  6:26  Siege Tank  
  62  6:40  Marine  
  62  6:41  Marine, Combat Shield  
  62  6:47  SCV  
  65  6:48  Supply Depot  
  65  6:53  SCV x2  
  67  6:57  Supply Depot, Barracks Tech Lab  
  67  6:59  Barracks Tech Lab, Barracks Reactor, SCV  
  67  7:00  Siege Tank  
  71  7:11  SCV  
  72  7:17  Marine  
  72  7:18  Marine x4  
  75  7:23  SCV  
  72  7:35  Marine x2  
  72  7:36  Marine x5  
  77  7:38  Siege Tank  
  81  7:51  Medivac x2  
  85  7:53  Marine x2  
  85  7:54  Marine x5  
  88  8:10  Siege Tank  
  88  8:11  Marine x3, Refinery  
  88  8:12  Marine x4  
  98  8:13  Supply Depot  
  98  8:22  Armory  
  98  8:28  Viking x2  
  98  8:29  Marine x4  
  98  8:30  Marauder  
  108  8:37  Orbital Command  
  108  8:44  Supply Depot  
  108  8:48  Marauder x2  
  112  8:51  Marauder  
  112  8:55  Command Center  
  114  8:57  Marine x2  
  114  8:58  Concussive Shells  
  116  9:06  Barracks  
  116  9:07  Factory  
  116  9:09  Marauder x2  
  120  9:10  Barracks  
  120  9:12  Viking x2  
  120  9:13  Marauder  
  126  9:17  Marine  
  126  9:18  Marine x3  
  130  9:30  Marauder  
  132  9:47  Marauder  
  132  9:48  Marauder, Viking  
  103  9:57  Marine  
  103  9:58  Marine x2, Marauder  
  108  10:09  Marine, Marauder  
  108  10:10  Marauder  
  110  10:15  Marine  
  110  10:19  Marauder  
  91  10:23  Marine  
  91  10:24  Marine  
  91  10:27  Marine  
  94  10:29  Terran Infantry Weapons Level 2, Terran Infantry Armor Level 2  
  94  10:30  Marauder  
  94  10:31  Marauder  
  94  10:33  Marine  
  99  10:40  Marauder  
  99  10:41  Marine x2  
  103  10:45  Marine  
  103  10:46  Siege Tank  
  105  10:51  Marine  
  105  10:52  Marine, Marauder  
  109  10:59  Marine x2  
  109  11:01  Marine  
  109  11:03  Marine  
  109  11:09  Marine  
  109  11:10  Marauder  
  101  11:13  Marauder  
  101  11:16  Medivac x2  
  101  11:17  Marine x2  
  109  11:19  Widow Mine  
  109  11:20  Marauder  
  109  11:21  Marine  
  109  11:27  Marine  
  109  11:32  Marauder  
  104  11:34  Marauder  
  104  11:35  Marine x2  
  104  11:38  Marine  
  101  11:40  Siege Tank  
  101  11:41  Marauder  
  101  11:44  Marine  
  104  11:52  Marine  
  104  11:53  Marine, Marauder  
  108  11:56  Marauder  
  105  12:02  Marauder  
  92  12:09  Marine x2  
  92  12:10  Marine x2  
  92  12:12  Siege Tank  
  92  12:14  Marauder  
  88  12:17  Marauder  
  80  12:24  Marauder  
  80  12:28  Marine x4  
  80  12:29  SCV  
  86  12:32  Orbital Command  
  86  12:36  Marauder  
  84  12:38  Marauder  
  84  12:41  SCV  
  81  12:44  Siege Tank  
  81  12:45  Marine  
  85  13:01  Barracks Reactor x2  
  85  13:02  Medivac x2  
  85  13:03  Factory Tech Lab  
  85  13:05  Terran Vehicle And Ship Armor Level 1  
  89  13:06  Terran Infantry Weapons Level 3, Terran Infantry Armor Level 3  
  89  13:11  Orbital Command  
  89  13:19  Marine x4, Marauder x2  
  97  13:25  Refinery  
  97  13:26  Refinery, Marauder  
  99  13:32  Liberator x2  
  105  13:36  Supply Depot x2  
  105  13:37  Marine x4  
  105  13:41  Marauder  
  111  13:46  SCV  
  111  13:47  Marine x3, Marauder  
  111  13:48  Marine, Marauder  
  120  13:51  Siege Tank  
  120  13:54  Marine  
  124  13:58  Marine x3, SCV  
  124  14:02  Marauder  
  130  14:08  Barracks  
  130  14:09  Marauder  
  132  14:10  SCV  
  132  14:11  Marine x5  
  132  14:12  Marine  
  139  14:22  SCV  
  140  14:29  Marine x2  
  140  14:30  Marine x3  
  145  14:34  SCV  
  145  14:38  Marine x2, Marauder x2  
  152  14:45  Marine  
  131  14:56  Viking x2  
  131  14:58  Marine x4  
  137  15:06  SCV  
  136  15:07  Marine x5, Marauder x2  
  143  15:18  Marine x4  
  145  15:25  Marine x3  
  145  15:26  Marauder  
  152  15:28  Marauder  
  132  15:51  Marine x4, Marauder x2  
  132  15:52  Barracks Tech Lab x2  
  128  16:00  Marine, Marauder  
  128  16:01  Marine  
  132  16:07  Supply Depot  
  132  16:09  Marine x4, Supply Depot  
  136  16:12  Marine, Marauder  
  136  16:18  Marine  
  139  16:19  Marine  
  139  16:21  Marine  
  133  16:26  Marine  
  133  16:27  Marine x3  
  133  16:30  Marine  
  121  16:33  Marine  
  121  16:36  Marine x2  
  121  16:38  Marauder x2  
  121  16:39  Marine  
  128  16:44  Marine x3  
  128  16:45  Marine  
  132  16:47  Marine  
  132  16:51  Marine  
  132  16:54  Marine x2  
  133  16:57  Marine  
  133  16:59  Marauder x2  
  113  17:02  Marine x4  
Tags
 
Add a new tag
Caveats
  • Supply blocks, unpowered buildings, or Contaminate may cause inaccurate times.
  • Supply counts are checked every 10 seconds.